 Dungeon Crawl Stone Soup version 0.30-a0-808-g6e0788376e (webtiles) character file.

Game seed: 15822899258039817816

115 cforsyth the Sneak (level 5, -3/32 HPs)
             Began as a Kobold Brigand on Feb 25, 2023.
             Slain by a gnoll
             ... wielding a staff of death
              (8 damage)
             ... on level 2 of the Dungeon.
             The game lasted 00:02:00 (1617 turns).

cforsyth the Sneak (Kobold Brigand)                 Turns: 1617, Time: 00:02:00

Health: -3/32      AC:  4    Str:  8    XL:     5   Next: 20%
Magic:  5/5        EV: 15    Int: 13    God:
Gold:   97         SH:  0    Dex: 18    Spells: 4/4 levels left

rFire   . . .      SeeInvis .    a - +2 dagger
rCold   . . .      Faith    .    (no shield)
rNeg    . . .      Spirit   .    b - +0 robe
rPois   .          Reflect  .    i - +0 helmet
rElec   .          Harm     .    c - +0 cloak
rCorr   .          Rampage  .    (no gloves)
Will    .....                    (no boots)
Stlth   ++++                     (no amulet)
HPRegen 0.25/turn                (no ring)
MPRegen 0.09/turn                (no ring)

@: no status effects
A: small, no large weapons, nightstalker 3
a: no special abilities


You were on level 2 of the Dungeon.
You visited 1 branch of the dungeon, and saw 2 of its levels.

You collected 97 gold pieces.

Inventory:

Hand Weapons
 a - a +2 dagger (weapon)
Missiles
 d - 9 poisoned darts (quivered)
 e - 3 curare-tipped darts
Armour
 b - a +0 robe (worn)
 c - a +0 cloak (worn)
 i - a +0 helmet (worn)
 k - a +0 kite shield
Scrolls
 f - a scroll of teleportation {unknown}
 g - a scroll of brand weapon {unknown}
 j - a scroll of blinking {unknown}
 n - a scroll of poison {unknown}
 o - 2 scrolls of identify {unknown}
 p - a scroll of immolation {unknown}
Potions
 h - a potion of brilliance
 l - a potion of lignification {unknown}


   Skills:
 + Level 3.1 Fighting
 + Level 3.8 Short Blades
 - Level 2.1 Throwing
 + Level 2.7 Dodging
 + Level 6.1 Stealth
 + Level 1.0 Shields


You had 4 spell levels left.
You didn't know any spells.
Your spell library was empty.

Dungeon Overview and Level Annotations

Branches:
Dungeon (2/15)

Altars:


Innate Abilities, Weirdness & Mutations

You are small and have problems with some larger weapons.
You are completely attuned to the shadows.


Message History

A gnoll is nearby!
A gnoll comes into view. It is wielding a staff of death.
You closely miss the gnoll. The gnoll hits you with a +0 halberd!
The gnoll shouts!
You hit the gnoll.
The gnoll is lightly wounded.
The gnoll closely misses you.
You barely miss the gnoll.
The gnoll is lightly wounded.
You hit the gnoll.
The gnoll is moderately wounded.
The gnoll closely misses you.
The gnoll hits you with a staff of death.
You hit the gnoll.
The gnoll is moderately wounded.
The gnoll barely misses you. The gnoll hits you but does no damage.
You hit the gnoll.
The gnoll is heavily wounded.
The gnoll barely misses you. x2
The gnoll hits you with a staff of death.
You completely miss the gnoll.
The gnoll is heavily wounded.
The gnoll closely misses you. The gnoll barely misses you.
The gnoll completely misses you.
You completely miss the gnoll.
The gnoll is heavily wounded.
The gnoll hits you with a +0 halberd!
* * * LOW HITPOINT WARNING * * *
The gnoll hits you with a +0 club.
* * * LOW HITPOINT WARNING * * *
The gnoll barely misses you.
You are too injured to fight recklessly!
You are too injured to fight recklessly!
You are too injured to fight recklessly!
You are too injured to fight recklessly!
The gnoll attacks as you move away! The gnoll closely misses you.
The gnoll completely misses you. The gnoll attacks as you move away!
The gnoll hits you with a staff of death!
You die...

#####..##.### ......###.##.
......#......
.....#........##....##
#................>..#
#...#...#..........##
#.>#.......###......
#.)gg....## #....#.
#.#@g#..#######.####
#.##................
#.##.....##.........
####.##.#......#..#####
..............#.....#####.
............#.###......#..
........#.###.###........÷
........#†##..............
########...###.##..............


You could see 3 gnolls.

Vanquished Creatures
  Jessica (D:2)
  2 gnolls (D:1)
  3 adders (D:2)
  A worm (D:2)
  3 ball pythons
  3 endoplasms
  3 giant cockroaches (D:1)
  2 goblins (D:1)
  4 hobgoblins
  A quokka (D:1)
  6 bats
  5 frilled lizards
  2 kobolds (D:1)
  6 rats (D:1)
42 creatures vanquished.

Notes
Turn   | Place    | Note
-------+----------+-------------------------------------------
     0 | D:1      | cforsyth the Kobold Brigand began the quest for the Orb.
     0 | D:1      | Reached XP level 1. HP: 12/12 MP: 1/1
   138 | D:1      | Reached XP level 2. HP: 15/15 MP: 2/2
   406 | D:1      | Reached XP level 3. HP: 21/22 MP: 3/3
   468 | D:1      | Found a faded altar of an unknown god.
   988 | D:2      | Reached XP level 4. HP: 27/27 MP: 4/4
  1100 | D:1      | Reached skill level 6 in Stealth
  1407 | D:2      | Noticed Jessica
  1418 | D:2      | HP: 1/28 [Jessica/+0 club (2)]
  1420 | D:2      | Killed Jessica
  1421 | D:2      | Reached skill level 1 in Shields
  1421 | D:2      | Reached XP level 5. HP: 7/32 MP: 5/5
  1566 | D:2      | Identified the +3 leather armour of Omission {Will+ Int+3}
  1617 | D:2      | Slain by a gnoll

Illustrated notes

Levels and vault maps discovered:
D:1:      psy_arrival_fountain, layout_loops_ring, shapermc_ecumenical_altar_gd
D:2:      layout_rooms, uniq_jessica

Skill      XL: |  1  2  3  4 |
---------------+-------------+-----
Short Blades   | 3 |  3.8
Dodging        | 2 |  2.7
Fighting       | 3 |  3.1
Stealth        | 6 |  6.1
Shields        | 1 |  1.0
Throwing       | |  2.1

Action                     |  1- 3 |  4- 6 || total
---------------------------+-------+-------++-------
  Melee: Dagger            |    70 |    37 ||   107
         Punch             |     2 |       ||     2
    Use: Potion            |       |     4 ||     4
   Stab: Sleeping          |    27 |     4 ||    31
 Armour: Robe              |    10 |     3 ||    13
  Dodge: Dodged            |    23 |    30 ||    53

Table legend: (Time is in decaauts)
 A = Elapsed time spent in this place.
 B = Non-inter-level travel time spent in this place.
 C = Inter-level travel time spent in this place.
 D = Time resting spent in this place.
 E = Time spent auto-exploring this place.
 F = Levels seen in this place.
 G = Mean time per level.
                   A        B        C        D        E       F      G
               +--------+--------+--------+--------+--------+-----+--------+
         Total |   1586 |   1562 |     24 |    305 |    942 |   2 |  793.0 |
       Dungeon |   1586 |   1562 |     24 |    305 |    942 |   2 |  793.0 |
               +--------+--------+--------+--------+--------+-----+--------+

Top non-repeatable levels by time:
     D:1: 1052 daAuts
     D:2: 533 daAuts
